 Dungeon Crawl Stone Soup version 0.29.1-12-g30fa7ad0bf (webtiles) character file.

Game seed: 4665992075104983579

106 DemonSlayer the Firebug (level 4, 0/30 HPs)
             Began as a Demonspawn Fire Elementalist on Dec 18, 2022.
             Slain by Robin
             ... wielding a +0 vorpal falchion
              (1 damage)
             ... on level 2 of the Dungeon.
             The game lasted 00:03:35 (2368 turns).

DemonSlayer the Firebug (DsFE)                      Turns: 2368, Time: 00:03:35

Health: 0/30       AC:  2    Str:  8    XL:     4   Next: 55%
Magic:  6/8        EV: 12    Int: 18    God:
Gold:   101        SH:  0    Dex: 14    Spells: 5/8 levels left

rFire   . . .      SeeInvis .   f - +0 spear
rCold   . . .      Faith    .   i - orb {guile}
rNeg    + . .      Spirit   .   a - +0 robe
rPois   .          Reflect  .   (helmet restricted)
rElec   .          Harm     .   (no cloak)
rCorr   .          Rampage  .   (no gloves)
Will    .....                   (no boots)
Stlth   ++........              b - amulet of magic regeneration
HPRegen 0.10/turn               e - ring of positive energy
MPRegen 0.51/turn               m - ring of willpower

@: weak-willed
A: horns 1, powered by pain 1
a: no special abilities


You were on level 2 of the Dungeon.
You visited 1 branch of the dungeon, and saw 2 of its levels.

You collected 101 gold pieces.

Inventory:

Hand Weapons
 f - a +0 spear (weapon)
Armour
 a - a +0 robe (worn)
 i - an orb of guile (worn)
Jewellery
 b - an amulet of magic regeneration (around neck)
 e - a ring of positive energy (left hand)
 j - an amulet of guardian spirit
 m - a ring of willpower (right hand)
 p - a ring of willpower
Scrolls
 c - 2 scrolls of enchant armour {unknown}
 k - 2 scrolls of noise {unknown}
 l - 2 scrolls of teleportation {unknown}
 n - a scroll of identify {unknown}
Potions
 d - a potion of curing {unknown}
 g - a potion of haste {unknown}
 o - a potion of lignification {unknown}


   Skills:
 + Level 0.2 Fighting
 + Level 0.2 Polearms
 + Level 1.9 Dodging
 + Level 2.7 Stealth
 + Level 0.2 Unarmed Combat
 + Level 2.9 Spellcasting
 + Level 1.7 Conjurations
 + Level 3.3 Fire Magic


You had 5 spell levels left.
You knew the following spells:

 Your Spells              Type           Power      Damage    Failure   Level
a - Foxfire               Conj/Fire      44%        2x1d6     6%          1
b - Scorch                Fire           28%        2d6       6%          2

Your spell library contained the following spells:

 Spells                   Type           Power      Damage    Failure   Level
 Conjure Flame            Conj/Fire      11%        6-21      17%         3
 Inner Flame              Hex/Fire       8%         N/A       24%         3
 Flame Wave               Conj/Fire      11%        2d6       50%         4


Dungeon Overview and Level Annotations

Branches:
Dungeon (2/15)

Altars:

Annotations:
D:2 Robin


Innate Abilities, Weirdness & Mutations

You have a pair of small horns on your head.
You sometimes gain a little power by taking damage.


Message History

Flames lash Robin but do no damage.
The goblin shoots a sling bullet.
The sling bullet hits you.
Robin says, "Kneel, worm!"
Robin roars a battlecry!
The goblins go into a battle-frenzy!
You hit Robin.
Robin is lightly wounded.
The hobgoblin hits you.
Robin hits you with a +0 vorpal falchion.
Flames lash the goblin.
You kill the goblin!
Robin hits you with a +0 vorpal falchion.
The hobgoblin hits you.
You are too injured to fight recklessly!
You are too injured to fight recklessly!
You are too injured to fight recklessly!
You are too injured to fight recklessly!
Unknown command.
You hit Robin.
Robin is heavily wounded.
The hobgoblin hits you.
* * * LOW HITPOINT WARNING * * *
Robin hits you with a +0 vorpal falchion.
* * * LOW HITPOINT WARNING * * *
x2 What are your orders? t - Shout!
Orders for allies: a - Attack new target. r - Retreat! s - Stop attacking. g - Guard the area. f - Follow me.
Anything else - Cancel.
Retreat in which direction?
Press: ? - help, Dir - move target
Okay, then.
Unknown command.
Unknown command.
As you read the scroll labelled GAXTEUJISIUP, it crumbles to dust.
Magic quickly surges around you.
It was a scroll of vulnerability.
Robin hits you with a +0 vorpal falchion.
* * * LOW HITPOINT WARNING * * *
You die...

..##### #.. ..# ... .#
###.###.# .. .#.
#.....#.###.. ...
#.##..#..... ..#
#.##..#.##.# #'#
#.##.....#.##.(# ###
#....#.....#g..# ..#
######.#...@gg.# ..#
#.......#......#
..######.##.##.#...##...
.........#........... .
#......###.####..#####
+.h....'...#..#....
#......######.#....
#.#...........#...
#.#.###########


You could see Robin (weak-willed) and 2 hobgoblins.

Vanquished Creatures
  Natasha (thrice) (D:2)
  An adder (D:2)
  An endoplasm (D:1)
  3 goblins
  2 hobgoblins (D:1)
  3 jackals (D:1)
  2 kobolds (D:1)
  2 ball pythons
  3 bats
  2 frilled lizards
  4 rats
26 creatures vanquished.

Vanquished Creatures (others)
  39 foxfires (D:1)
39 creatures vanquished.

Grand Total: 65 creatures vanquished

Notes
Turn   | Place    | Note
-------+----------+-------------------------------------------
     0 | D:1      | DemonSlayer the Demonspawn Fire Elementalist began the
                  | quest for the Orb.
     0 | D:1      | Reached XP level 1. HP: 13/13 MP: 3/3
   433 | D:1      | Gained mutation: You sometimes gain a little power by
                  | taking damage. [demonic ancestry]
   433 | D:1      | Reached XP level 2. HP: 13/19 MP: 1/5
   436 | D:1      | Learned a level 2 spell: Scorch
   926 | D:1      | Found a faded altar of an unknown god.
  1290 | D:2      | Noticed Robin
  1645 | D:2      | Noticed Natasha
  1650 | D:2      | Killed Natasha
  1651 | D:2      | Reached skill level 3 in Fire Magic
  1651 | D:2      | Reached XP level 3. HP: 17/24 MP: 0/6
  1802 | D:2      | Noticed Natasha
  1812 | D:2      | Killed Natasha
  1813 | D:2      | Gained mutation: You have a pair of small horns on your
                  | head. [demonic ancestry]
  1813 | D:2      | Reached XP level 4. HP: 9/30 MP: 0/8
  1820 | D:2      | Noticed Natasha
  2343 | D:2      | Killed Natasha
  2368 | D:2      | HP: 1/30 [Robin/+0 vorpal falchion (1)]
  2368 | D:2      | Slain by Robin

Illustrated notes

Levels and vault maps discovered:
D:1:      saegor_arrival_simple_d, layout_loops_cross,
          shapermc_ecumenical_altar_mp_highgroup
D:2:      layout_basic, uniq_robin, uniq_natasha

Skill      XL: |  1  2 |
---------------+-------+-----
Stealth        | 2 |  2.7
Fire Magic     | 3 |  3.3
Fighting       | |  0.2
Polearms       | |  0.2
Dodging        | |  1.9
Unarmed Combat | |  0.2
Spellcasting   | |  2.9
Conjurations   | |  1.7

Action                   |  1- 3 |  4- 6 || total
-------------------------+-------+-------++-------
Melee: Unarmed           |     6 |       ||     6
       Spear             |    35 |     5 ||    40
 Cast: Foxfire           |    24 |       ||    24
       Scorch            |     8 |     5 ||    13
  Use: Scroll            |       |     1 ||     1
       Potion            |       |     1 ||     1
 Stab: Sleeping          |     3 |       ||     3
Armor: Robe              |     4 |       ||     4
Dodge: Dodged            |    39 |     3 ||    42
